Map: Invader LE

Players

Nerchio - Winner!

  • Race: Zerg Zerg

Scarlett

  • Race: Zerg Zerg

Event: DreamHack Open Tours WCS Spring Championship

VOD

https://www.youtube.com/watch?v=it3sX9i5k50

Description

Time

  • Played on: May 15, 2016, 8:08 a.m.
  • Length: 16:10

All games in this series

Show
View Real Time Build Order
Export as new Build Order

Nerchio Zerg - Winner!

Build Orders: Hatch First 

Get SALT Encoding   

  12  0:00  Drone  
  13  0:12  Overlord  
  13  0:17  Drone  
  14  0:31  Drone x2  
  14  0:34  Drone  
  17  0:52  Hatchery  
  17  0:55  Drone  
  17  0:58  Drone  
  17  1:01  Extractor  
  17  1:14  Spawning Pool  
  17  1:17  Drone  
  17  1:20  Drone  
  18  1:28  Drone  
  19  1:38  Overlord  
  19  1:55  Drone  
  19  2:00  Queen  
  19  2:01  Zergling x2  
  23  2:04  Queen, Metabolic Boost  
  23  2:07  Drone  
  26  2:11  Drone  
  26  2:15  Drone  
  28  2:21  Drone  
  29  2:25  Drone  
  30  2:39  Hatchery  
  30  2:40  Drone  
  30  2:46  Baneling Nest  
  30  2:48  Drone  
  30  2:50  Drone  
  31  2:53  Drone  
  31  2:58  Overlord  
  32  3:05  Drone x2  
  34  3:12  Zergling x4  
  36  3:18  Evolution Chamber  
  35  3:21  Evolution Chamber  
  35  3:22  Drone x3  
  35  3:23  Drone  
  38  3:31  Drone  
  38  3:32  Drone  
  40  3:34  Overlord  
  40  3:41  Overlord  
  39  3:44  Zerg Melee Weapons Level 1  
  39  3:48  Queen  
  39  3:54  Zerg Ground Armor Level 1, Drone  
  42  3:56  Drone  
  42  3:58  Drone  
  42  4:00  Drone  
  42  4:01  Drone  
  47  4:02  Drone  
  47  4:05  Drone  
  47  4:06  Drone  
  49  4:13  Zergling x4  
  49  4:14  Zergling x6  
  52  4:19  Zergling x4  
  52  4:20  Zergling x2  
  55  4:24  Spore Crawler, Drone  
  55  4:30  Queen  
  57  4:33  Lair  
  57  4:40  Overlord x2  
  57  4:45  Zergling x10  
  61  4:52  Extractor  
  61  4:57  Drone x2  
  61  4:58  Drone x3  
  61  4:59  Overlord  
  62  5:15  Zergling x2  
  62  5:16  Zergling x12  
  62  5:18  Queen x2  
  62  5:19  Extractor  
  62  5:21  Spore Crawler  
  70  5:23  Zergling x12  
  77  5:34  Queen, Nydus Network  
  78  5:37  Drone x3  
  78  5:42  Overseer  
  81  5:47  Overlord  
  81  5:48  Overlord  
  81  5:54  Zergling x2  
  81  5:55  Zergling x4  
  84  5:59  Overlord x2, Baneling x2  
  84  6:04  Overlord  
  84  6:05  Queen  
  84  6:08  Queen  
  88  6:16  Queen  
  89  6:31  Nydus Canal  
  88  6:36  Zergling x2  
  88  6:37  Zergling x16  
  88  6:39  Zergling x4  
  97  6:41  Queen  
  97  6:43  Zergling x4  
  97  6:44  Queen, Zergling x4  
  97  6:46  Zergling x2  
  105  6:47  Zergling x2  
  105  6:49  Zergling x2  
  105  6:50  Zergling x2  
  105  6:53  Baneling x4  
  103  6:56  Zergling x4  
  103  6:59  Baneling x3  
  105  7:03  Zergling x6  
  105  7:04  Zergling x2  
  105  7:05  Zergling x2  
  110  7:11  Nydus Canal  
  110  7:14  Drone  
  110  7:15  Drone x4  
  111  7:19  Queen  
  111  7:21  Zergling x2  
  111  7:22  Zergling x2  
  110  7:24  Zergling x2  
  110  7:25  Zergling x2  
  110  7:28  Zergling x4  
  110  7:29  Zergling x2  
  110  7:32  Zergling x4  
  110  7:33  Zergling x2  
  110  7:36  Zergling x2  
  100  7:38  Zergling x2  
  100  7:41  Zergling x4  
  100  7:42  Zergling x2  
  90  7:44  Zergling x2  
  90  7:45  Queen  
  90  7:48  Zergling x4  
  86  7:54  Zerg Ground Armor Level 2, Zergling x2  
  86  7:57  Zergling x2  
  86  7:58  Zergling x2  
  85  8:00  Zerg Melee Weapons Level 2  
  78  8:06  Drone  
  78  8:07  Drone x2  
  81  8:17  Drone x2  
  81  8:18  Drone  
  84  8:21  Spire  
  84  8:22  Overseer, Extractor  
  84  8:24  Extractor  
  84  8:25  Extractor, Drone  
  84  8:26  Overseer  
  81  8:29  Drone x2  
  83  8:38  Drone x4  
  87  8:41  Hatchery  
  87  8:42  Drone x2  
  86  8:51  Zergling x4  
  86  8:54  Zergling x2  
  88  9:04  Zergling x10  
  87  9:10  Zergling x8  
  87  9:13  Queen x3  
  96  9:30  Drone x2  
  96  9:32  Mutalisk x4  
  96  9:36  Overlord x2  
  96  9:37  Overlord  
  96  9:38  Overlord x2  
  103  9:41  Spore Crawler  
  103  9:42  Overlord  
  102  9:48  Overlord x2  
  102  9:55  Mutalisk x3  
  102  9:58  Mutalisk  
  111  10:00  Mutalisk  
  111  10:01  Mutalisk  
  111  10:03  Zergling x2  
  111  10:04  Zergling x2  
  111  10:05  Zergling x2  
  111  10:07  Baneling x3  
  116  10:15  Mutalisk x3  
  116  10:18  Zergling x6  
  116  10:20  Mutalisk  
  114  10:24  Mutalisk  
  114  10:27  Zergling x2  
  114  10:28  Zergling x4  
  106  10:32  Zergling x2  
  106  10:33  Zergling x8  
  108  10:35  Zergling x2  
  108  10:39  Zergling x2  
  108  10:40  Zergling x2  
  105  10:43  Zergling x2  
  105  10:44  Zergling x2  
  105  10:49  Drone  
  100  10:54  Zergling x6  
  94  10:58  Drone x2  
  94  10:59  Drone  
  94  11:03  Drone  
  94  11:04  Drone x2  
  93  11:05  Drone  
  93  11:06  Drone  
  91  11:13  Drone  
  91  11:14  Drone x2  
  91  11:17  Pneumatized Carapace  
  92  11:19  Zergling x4  
  92  11:20  Zergling x2  
  92  11:22  Zergling x2  
  96  11:30  Spire  
  95  11:39  Zergling x14  
  94  11:45  Drone x2  
  94  11:46  Drone  
  94  11:49  Drone  
  94  11:50  Drone x3  
  94  11:51  Infestation Pit  
  94  11:52  Drone  
  94  11:53  Drone  
  98  11:56  Drone  
  99  12:01  Drone x2  
  99  12:21  Centrifical Hooks  
  99  12:32  Drone x2  
  99  12:34  Extractor, Hive  
  100  12:41  Mutalisk  
  100  12:42  Mutalisk x8  
  118  12:47  Zergling x14, Extractor  
  124  12:53  Overlord  
  124  12:54  Overlord  
  124  13:02  Zergling x4  
  126  13:05  Zergling x2  
  126  13:06  Zergling x4  
  126  13:10  Drone  
  130  13:13  Zerg Flyer Weapons Level 1, Drone x3  
  130  13:15  Drone x2  
  130  13:16  Drone  
  136  13:22  Overlord  
  136  13:24  Overseer  
  136  13:30  Zergling x6  
  136  13:33  Hatchery  
  138  13:35  Zergling x2  
  139  13:43  Zergling x2  
  139  13:44  Zergling x10  
  139  13:48  Baneling x14  
  145  13:49  Baneling  
  145  13:50  Zergling x8  
  145  13:53  Ultralisk Cavern  
  145  13:55  Adrenal Glands  
  148  13:57  Zergling x2  
  148  13:58  Zergling x2  
  148  14:00  Baneling  
  148  14:01  Baneling x4  
  150  14:04  Zergling x4  
  152  14:15  Zergling x14  
  159  14:18  Baneling x7  
  159  14:20  Zergling x4  
  159  14:22  Zergling x2  
  162  14:27  Zergling x2  
  162  14:30  Baneling x7  
  162  14:41  Ultralisk  
  162  14:44  Ultralisk  
  169  14:51  Ultralisk  
  175  14:58  Zergling x6  
  177  15:00  Zergling x2  
  177  15:01  Zergling x2  
  177  15:05  Baneling x7  
  179  15:08  Overlord  
  179  15:12  Overlord  
  179  15:20  Zergling x4  
  181  15:24  Overlord  
  181  15:25  Overlord  
  181  15:35  Zergling x2  
  181  15:36  Zergling x6  
Show
View Real Time Build Order
Export as new Build Order

Scarlett Zerg 

Build Orders: Hatch First, Muta Ling Bane 

Get SALT Encoding   

  12  0:00  Drone  
  13  0:08  Drone  
  14  0:16  Overlord  
  14  0:22  Extractor  
  14  0:23  Drone  
  15  0:35  Drone  
  15  0:36  Drone  
  17  0:52  Hatchery  
  17  0:55  Drone  
  17  1:00  Drone  
  18  1:05  Extractor  
  17  1:14  Spawning Pool  
  17  1:16  Drone  
  17  1:22  Drone  
  18  1:28  Drone  
  19  1:38  Overlord  
  19  1:48  Drone  
  20  1:59  Drone  
  20  2:01  Queen  
  21  2:04  Queen, Drone  
  21  2:06  Metabolic Boost  
  26  2:10  Drone  
  27  2:16  Drone  
  28  2:23  Drone  
  28  2:27  Drone  
  30  2:34  Drone  
  31  2:38  Overlord  
  31  2:39  Queen  
  31  2:43  Zergling x2  
  34  2:47  Lair  
  34  2:49  Extractor  
  34  2:50  Zergling x2  
  34  2:54  Zergling x2  
  35  2:59  Drone  
  35  3:03  Spine Crawler  
  35  3:07  Baneling Nest  
  35  3:08  Drone  
  35  3:09  Drone x2  
  37  3:15  Drone x2  
  39  3:21  Drone x2  
  39  3:22  Drone  
  39  3:26  Drone  
  43  3:32  Drone  
  43  3:33  Overlord  
  44  3:39  Overlord, Extractor x2  
  43  3:43  Drone  
  43  3:48  Spire  
  43  3:51  Drone  
  43  3:53  Baneling x2  
  43  3:55  Drone x2  
  46  3:59  Drone x2  
  46  4:00  Drone  
  49  4:03  Drone  
  50  4:14  Drone x5  
  54  4:23  Drone x4  
  58  4:25  Overlord  
  58  4:28  Overseer  
  58  4:39  Hatchery  
  58  4:41  Zergling x2  
  58  4:43  Zergling x2  
  58  4:44  Zergling x2  
  60  4:48  Zergling x2  
  60  4:49  Zergling x2  
  60  4:50  Overlord  
  62  4:56  Baneling x2  
  62  5:02  Zerg Flyer Weapons Level 1, Mutalisk x2  
  62  5:04  Overlord  
  67  5:10  Mutalisk x3  
  73  5:16  Hatchery  
  73  5:18  Mutalisk  
  74  5:23  Mutalisk  
  74  5:26  Zergling x8  
  80  5:30  Baneling x2  
  80  5:31  Zergling x2  
  80  5:32  Zergling x4  
  83  5:37  Overlord  
  83  5:47  Baneling x2  
  83  5:48  Overlord x2  
  82  5:58  Mutalisk  
  82  6:01  Queen  
  82  6:03  Spine Crawler, Zergling x10  
  90  6:08  Overlord  
  90  6:18  Evolution Chamber, Drone  
  90  6:19  Roach Warren, Drone  
  90  6:29  Drone  
  90  6:30  Drone x5  
  93  6:50  Zerg Missile Weapons Level 1  
  90  6:57  Spine Crawler  
  90  6:58  Roach, Baneling x2  
  90  6:59  Glial Reconstitution, Roach x6  
  102  7:04  Roach x2  
  106  7:14  Baneling x8  
  104  7:17  Roach x2  
  104  7:18  Roach x3  
  104  7:20  Roach  
  110  7:35  Roach  
  110  7:36  Roach x4  
  106  7:39  Roach  
  94  7:44  Roach  
  94  7:45  Roach x3  
  94  7:48  Roach  
  88  8:00  Roach x2  
  88  8:01  Roach  
  94  8:12  Mutalisk x2  
  98  8:14  Drone  
  98  8:15  Drone  
  98  8:19  Queen  
  100  8:24  Queen, Drone x5  
  109  8:31  Centrifical Hooks  
  109  8:33  Roach x2  
  113  8:34  Overlord  
  113  8:44  Zerg Melee Weapons Level 1  
  113  8:57  Queen  
  113  8:58  Drone  
  113  8:59  Drone  
  112  9:04  Roach, Zergling x16  
  122  9:16  Overlord x3  
  122  9:30  Overlord  
  120  9:35  Zergling x10  
  125  9:44  Zergling x12  
  131  9:49  Roach  
  131  9:50  Roach x2  
  131  9:52  Roach  
  139  9:53  Baneling x14  
  139  9:56  Baneling  
  139  9:57  Roach x2  
  143  10:05  Roach  
  143  10:06  Roach  
  149  10:07  Overlord, Roach x3  
  146  10:23  Roach  
  146  10:24  Roach x4  
  147  10:32  Drone  
  147  10:33  Drone x4  
  132  10:44  Hydralisk Den  
  132  10:49  Roach x5  
  135  10:53  Roach  
  135  10:54  Roach x4  
  131  11:02  Zerg Flyer Weapons Level 2  
  131  11:03  Spore Crawler  
  108  11:04  Spore Crawler  
  108  11:09  Zergling x2  
  108  11:10  Zergling x6  
  101  11:15  Hydralisk x2  
  95  11:24  Infestation Pit  
  90  11:29  Hydralisk  
  90  11:30  Hydralisk x4  
  100  11:35  Spore Crawler  
  98  11:46  Hydralisk x5  
  98  11:51  Zerg Missile Weapons Level 2  
  106  11:55  Spore Crawler  
  106  11:59  Spore Crawler  
  104  12:04  Drone  
  104  12:05  Drone x4  
  104  12:06  Drone  
  110  12:08  Extractor  
  110  12:09  Extractor  
  98  12:24  Infestor  
  98  12:25  Infestor x2  
  104  12:37  Hatchery  
  103  12:50  Hydralisk x3  
  113  12:54  Muscular Augments  
  113  12:55  Overlord, Hydralisk x2  
  113  13:04  Hydralisk x2  
  117  13:08  Overlord  
  117  13:10  Overlord  
  117  13:13  Hydralisk  
  117  13:16  Hydralisk  
  121  13:21  Hydralisk  
  123  13:31  Hydralisk x2  
  127  13:38  Hydralisk  
  127  13:39  Hydralisk  
  131  13:47  Overlord x2  
  131  13:49  Ravager x4  
  131  13:51  Roach  
  137  13:56  Roach  
  137  13:58  Roach  
  141  14:05  Roach x2  
  141  14:07  Baneling x2  
  145  14:11  Roach x2  
  145  14:16  Roach  
  151  14:22  Roach x3  
  157  14:29  Roach x2  
  160  14:43  Roach  
  160  14:45  Overlord x4  
  162  14:54  Nydus Network  
  161  15:03  Overlord x2  
  161  15:04  Roach  
  161  15:05  Roach  
  165  15:12  Baneling x2  
  165  15:25  Roach x6  
  177  15:32  Nydus Canal  
  178  15:35  Roach  
  178  15:49  Roach  
  186  15:50  Roach x3  
  186  15:58  Nydus Canal  

Tags
 
Add a new tag
Caveats
  • Supply blocks, unpowered buildings, or Contaminate may cause inaccurate times.
  • Supply counts are checked every 10 seconds.